 Dungeon Crawl Stone Soup version 0.27-a0-1312-g5cdb2b3542 (webtiles) character file.

Game seed: 9441939755779078585

1812 spiderkeys the Skirmisher (level 9, -5/66 HPs)
             Began as a Djinni Abyssal Knight on June 20, 2021.
             Was a Believer of Lugonu.
             Slain by a hornet (7 damage)
             ... on level 6 of the Dungeon.
             The game lasted 00:12:51 (7737 turns).

spiderkeys the Skirmisher (Djinni Abyssal Knight)   Turns: 7737, Time: 00:12:52

Health: -5/66      AC: 15    Str: 14    XL:     9   Next: 31%
Gold:   336        EV: 11    Int: 14    God:    Lugonu [**....] SH:  0 Dex: 13

rFire    + + +     SeeInvis .   n - +1 falchion (protect)
rCold    x . .     Faith    .   (no shield)
rNeg     . . .     Spirit   .   l - +2 ring mail of Jigsaw {rF+ Will+}
rPois    ∞         Reflect  .   (no helmet)
rElec    .         Harm     .   (no cloak)
rCorr    .         Rampage  .   (no gloves)
Will     +....                  (boots unavailable)
Stlth    +.........             (no amulet)
HPRegen  0.21/turn              F - ring of protection from fire
MPRegen  0.00/turn              Y - +4 ring of slaying

@: under a protective aura, flying
A: sickness immunity, fire resistance 2, cold vulnerability 1, float, innate
caster, hp casting, extra vitality 1
a: Renounce Religion, Depart the Abyss, Bend Space


You were on level 6 of the Dungeon.
You worshipped Lugonu.
Lugonu was pleased with you.
You visited 1 branch of the dungeon, and saw 7 of its levels.
You visited the Abyss 1 time.

You collected 336 gold pieces.


Innate Abilities, Weirdness & Mutations

You are immune to sickness and miasma.
You are immune to poison.
Your flesh is very heat resistant. (rF++)
You are vulnerable to cold. (rC-)
You float through the air rather than walking.
You learn spells naturally, not from books.
Your magical power is your life essence.
You have superior vitality. (+4 HP)


   Skills:
 + Level 6.0 Fighting
 + Level 5.1 Long Blades
 + Level 5.1 Armour
 - Level 2.1 Dodging
 + Level 3.3 Spellcasting
 + Level 5.4 Invocations


You had 5 spell levels left.
You knew the following spells:

 Your Spells              Type           Power      Damage    Failure   Level
a - Apportation           Tloc           22%        N/A       11%         1
g - Summon Guardian Gole  Hex/Summ       11%        N/A       30%         3
o - Ozocubu's Armour      Ice            11%        N/A       30%         3
w - Wereblood             Tmut           11%        N/A       16%         2
Your spell library was empty.

Inventory:

Hand Weapons
 a - a +1 falchion
 n - a +1 falchion of protection (weapon)
   (You found it on level 4 of the Dungeon)
Missiles
 b - 26 poisoned darts
 d - 132 stones
 e - 94 bolts
 i - 84 arrows
 t - 2 boomerangs
 x - 3 atropa-tipped darts
Armour
 l - the +2 ring mail of Jigsaw (worn) {rF+ Will+}
   (You found it on level 4 of the Dungeon)

   It protects you from fire.
   It increases your willpower.
Jewellery
 F - a ring of protection from fire (left hand)
   (You found it on level 3 of the Dungeon)
 N - a ring of positive energy
   (You found it on level 2 of the Dungeon)
 Y - a +4 ring of slaying (right hand)
   (You found it on level 3 of the Dungeon)
Wands
 r - a wand of iceblast (13)
   (You found it on level 5 of the Dungeon)
 z - a wand of flame (11)
   (You took it off a kobold on level 7 of the Dungeon)
 B - a wand of paralysis (4)
   (You took it off a centaur on level 6 of the Dungeon)
Scrolls
 f - 2 scrolls of noise {!r}
 g - 4 scrolls of blinking {!r}
 j - a scroll of fear
 k - a scroll of brand weapon
 w - 5 scrolls of amnesia
 y - a scroll of enchant armour
 A - 2 scrolls of silence {!r}
 C - a scroll of vulnerability {!r!r}
Potions
 c - a potion of attraction {!q}
 h - a potion of invisibility {unknown}
 m - a potion of mutation {unknown}
 o - a potion of haste {unknown}
 p - a potion of degeneration {unknown}
 q - 5 potions of curing {unknown}
 s - a potion of brilliance {unknown}
 u - a potion of flight {unknown}

Dungeon Overview and Level Annotations

Branches:
Dungeon (7/15)
 Temple: D:4-7

Altars:
Ashenzari
Vehumet

#.####.###.........###..#
#.# #............##..### #.#
#...........####.# ..#
#...........# #.####
..####..........## ##.#..###
#...#...........####..##...#
#...............##...#..####
#.......................#
....#.#####.....@##...#.##
##.##..#
#....y.###..#..########
#.####.# #..##..#
#..##.##.#...# .## #.##
#..##..###...###...#### .#
#..###..##>..#.....#....# #.
##
##.##...##...#...###....###.
## #..#...#..##...##
##.....#.
.######........####..#
#.....#. ..........##.[##
##.# ##.##....


You could see a hornet.


Message History

😱 HP[-9]
You take 9 damage, and now have 11/66 hp.
Space bends around you!
You blink. 😱 HP[-2]
You take 2 damage, and now have 9/66 hp.
The hornet misses you. 😱 HP[+1] Space bends around you!
You blink. 😱 HP[-3]
You take 3 damage, and now have 7/66 hp.
There is a stone staircase leading up here.
You fly upwards.
There is a stone staircase leading down here. 😱 HP[+1]
You start resting. 😎 HP[+58]
Your hp is fully restored (66).
You fly downwards.
The hornet stings you! The hornet stings you.
There is a stone staircase leading up here. 😕 HP[-13]
You take 13 damage, and now have 53/66 hp.
The hornet stings you. The hornet barely misses you.
You riposte.
You hit the hornet but do no damage.
Your weapon exudes an aura of protection.
You fly upwards.
There is a stone staircase leading down here. 😕 HP[-1]
You take 1 damage, and now have 52/66 hp.
You completely miss the hornet. The hornet stings you. 😮 HP[-5]
You take 5 damage, and now have 47/66 hp.
You hit the hornet.
The hornet closely misses you. x2; You riposte.
You barely miss the hornet. You slash the hornet!
The hornet closely misses you.
You riposte.
You closely miss the hornet. The hornet misses you.
You miss the hornet. The hornet stings you! 😮 HP[-6]
You take 6 damage, and now have 41/66 hp.
You hit the hornet but do no damage. The hornet stings you.
The hornet barely misses you. 😮 HP[-5]
You take 5 damage, and now have 36/66 hp.
You barely miss the hornet. The hornet barely misses you.
You riposte.
You hit the hornet but do no damage. You miss the hornet.
The hornet stings you but does no damage. x2
You barely miss the hornet. The hornet misses you.
You hit the hornet. The hornet barely misses you.
The hornet closely misses you. 😮 HP[+1]
You closely miss the hornet. The hornet barely misses you.
You riposte.
You hit the hornet. The hornet closely misses you.
You hit the hornet. The hornet barely misses you.
You hit the hornet but do no damage. The hornet stings you!
* * * LOW HITPOINT WARNING * * *
The hornet barely misses you.
You riposte.
You hit the hornet but do no damage. 😨 HP[-9]
You take 9 damage, and now have 28/66 hp.
You closely miss the hornet. The hornet stings you.
* * * LOW HITPOINT WARNING * * *
😨 HP[-2]
You take 2 damage, and now have 26/66 hp.
You hit the hornet.
The hornet stings you but does no damage. x2
You hit the hornet. The hornet closely misses you.
The hornet barely misses you.
You riposte.
You hit the hornet but do no damage. You hit the hornet.
The hornet stings you but does no damage.
You hit the hornet but do no damage.
The hornet stings you but does no damage.
The hornet barely misses you. 😨 HP[+1]
You completely miss the hornet. The hornet closely misses you.
You closely miss the hornet. The hornet stings you.
* * * LOW HITPOINT WARNING * * *
The hornet barely misses you. 😨 HP[-3]
You take 3 damage, and now have 24/66 hp.
You barely miss the hornet.
The hornet stings you but does no damage.
You hit the hornet but do no damage.
The hornet stings you but does no damage.
The hornet stings you.
* * * LOW HITPOINT WARNING * * *
😨 HP[-6]
You take 6 damage, and now have 18/66 hp.
You closely miss the hornet. The hornet stings you.
* * * LOW HITPOINT WARNING * * *
The hornet closely misses you. 😱 HP[-4]
You take 4 damage, and now have 14/66 hp.
You closely miss the hornet. The hornet completely misses you.
You hit the hornet but do no damage. The hornet closely misses you.
The hornet stings you but does no damage.
You hit the hornet but do no damage. The hornet stings you!
* * * LOW HITPOINT WARNING * * *
The hornet stings you!
You die...

Skill      XL: |  1  2  3  4  5  6  7  8  9 |
---------------+----------------------------+-----
Fighting       | 4 5 6 |  6.0
Long Blades    | 3 4 5 |  5.1
Armour         | 3 4 5 |  5.1
Invocations    | 4 5 |  5.4
Spellcasting   | 1 2 3 |  3.3
Dodging        | |  2.1

Action                   |  1- 3 |  4- 6 |  7- 9 || total
-------------------------+-------+-------+-------++-------
Melee: Falchion          |    34 |       |   400 ||   434
Throw: Dart              |       |       |    27 ||    27
Invok: Bend Space        |       |       |     7 ||     7
       Banish            |       |       |     2 ||     2
  Use: Scroll            |     2 |       |     9 ||    11
       Potion            |       |       |     2 ||     2
Armor: Ring mail         |       |       |   129 ||   129
       Scale mail        |       |       |    32 ||    32
       Leather armour    |       |       |    28 ||    28
Dodge: Dodged            |       |       |   281 ||   281
       Rpst.: Falchion   |       |       |    78 ||    78

Levels and vault maps discovered:
D:1:      arrival_aquarium_b, layout_rooms
D:2:      layout_loops_ring
D:3:      layout_basic, st_stairs_9, minmay_fractal_squares_5
D:4:      layout_loops_cross, evilmike_ruin_ashenzari, uniq_edmund
D:5:      layout_loops_cross
D:6:      layout_layer_cave
D:7:      layout_layer_cave, vehumet_altar_wand_db,
          lemuel_mausoleum_altar_yredelemnul, minmay_temple_entry_butterflies

Notes
Turn   | Place    | Note
-------+----------+-------------------------------------------
     0 | Abyss:1  | spiderkeys the Djinni Abyssal Knight began the quest for
                  | the Orb.
     0 | Abyss:1  | Reached XP level 1. HP: 20/20 MP: 0/0
     0 | Abyss:1  | magus.rc [v1.9.10]
   143 | Abyss:1  | Noticed a glowing orange brain
   200 | Abyss:1  | Noticed a kobold demonologist
   200 | Abyss:1  | Noticed a kobold brigand
   200 | Abyss:1  | Noticed a kobold brigand
   200 | Abyss:1  | Noticed a large abomination
   200 | Abyss:1  | Noticed a golden eye
   200 | Abyss:1  | Noticed a golden eye
   200 | Abyss:1  | Killed a glowing orange brain
   201 | Abyss:1  | Reached skill level 4 in Fighting
   201 | Abyss:1  | Reached skill level 3 in Long Blades
   201 | Abyss:1  | Reached skill level 3 in Armour
   201 | Abyss:1  | Reached skill level 4 in Invocations
   201 | Abyss:1  | Reached XP level 2. HP: 27/27 MP: 0/0
   201 | Abyss:1  | Reached XP level 3. HP: 31/31 MP: 0/0
   201 | Abyss:1  | Learned a level 1 spell: Apportation
   201 | Abyss:1  | Reached XP level 4. HP: 38/38 MP: 0/0
   201 | Abyss:1  | Reached XP level 5. HP: 42/42 MP: 0/0
   201 | Abyss:1  | Learned a level 2 spell: Wereblood
   201 | Abyss:1  | Reached XP level 6. HP: 48/48 MP: 0/0
   201 | Abyss:1  | Reached XP level 7. HP: 53/53 MP: 0/0
   201 | Abyss:1  | Learned a level 3 spell: Summon Guardian Golem
   203 | D:1      | You pass through the gate.
   203 | D:1      | Escaped the Abyss
  1107 | D:2      | Reached ** piety under Lugonu
  2862 | D:4      | Noticed Edmund
  2983 | D:4      | Reached *** piety under Lugonu
  3044 | D:4      | Found a broken altar of Ashenzari.
  3436 | D:4      | Reached skill level 1 in Spellcasting
  3730 | D:4      | HP: 5/53 [Edmund (11)]
  3735 | D:4      | HP: 4/53 [Edmund (2)]
  3753 | D:4      | HP: 10/53 [Edmund (6)]
  3760 | D:4      | Killed Edmund
  3761 | D:4      | Reached skill level 5 in Fighting
  3761 | D:4      | Reached skill level 4 in Long Blades
  3761 | D:4      | Reached skill level 4 in Armour
  3761 | D:4      | Reached XP level 8. HP: 10/59 MP: 0/0
  4098 | D:4      | Identified the +2 ring mail of Jigsaw {rF+ Will+}
  4178 | D:5      | Entered Level 5 of the Dungeon
  4436 | D:5      | Reached skill level 2 in Spellcasting
  4549 | D:5      | HP: 14/59 [centaur/arrow (7)]
  4550 | D:5      | HP: 5/59 [centaur/arrow (6)]
  5765 | D:6      | Reached skill level 5 in Invocations
  5765 | D:6      | Reached XP level 9. HP: 44/65 MP: 0/0
  5765 | D:6      | Learned a level 3 spell: Ozocubu's Armour
  6174 | D:6      | Reached skill level 3 in Spellcasting
  7110 | D:6      | Reached skill level 5 in Armour
  7255 | D:7      | Noticed a five-headed hydra
  7286 | D:7      | Reached skill level 5 in Long Blades
  7346 | D:7      | Reached skill level 6 in Fighting
  7390 | D:7      | Noticed a hornet
  7421 | D:7      | HP: 11/66 [hornet (9)]
  7734 | D:6      | HP: 14/66 [hornet (5)]
  7737 | D:6      | HP: 2/66 [hornet (12)]
  7737 | D:6      | Slain by a hornet

Vanquished Creatures
  A glowing orange brain (Abyss:1)
  Edmund (D:4)
  A water moccasin (D:6)
  An ice beast (D:5)
  A necrophage (D:7)
  2 ogres (D:6)
  A centaur (D:6)
  A jelly (D:5)
  2 bullfrog skeletons
  3 hounds
  5 iguanas
  2 orc wizards (D:7)
  5 hound skeletons
  4 adders
  An ufetubus (D:5)
  An adder skeleton (D:4)
  2 worms (D:2)
  4 dart slugs
  10 orcs
  3 ball pythons
  3 endoplasms
  4 giant cockroaches
  12 goblins
  5 hobgoblins
  18 jackals
  11 kobolds
  4 quokkas
  6 bats
  6 frilled lizards
  5 rats
125 creatures vanquished.

Table legend:
 A = Non-vault XP
 B = Vault XP
 C = Vault XP percentage of total XP
 D = Non-vault monster count
 E = Vault monster count
 F = Vault count percentage of total count
                 A         B        C        D         E       F
            +---------+---------+-------+---------+---------+-------
      Total |    2406 |     183 |   7.1 |     114 |      12 |   9.5
            +---------+---------+-------+---------+---------+-------
        D:1 |      58 |       0 |   0.0 |      35 |       0 |   0.0
        D:2 |      23 |       0 |   0.0 |      10 |       0 |   0.0
        D:3 |      79 |      23 |  22.5 |      17 |      10 |  37.0
        D:4 |     169 |     158 |  48.3 |      21 |       1 |   4.5
        D:5 |     571 |       0 |   0.0 |      18 |       0 |   0.0
        D:6 |     598 |       0 |   0.0 |       8 |       0 |   0.0
        D:7 |     201 |       2 |   1.0 |       4 |       1 |  20.0
    Abyss:1 |     707 |       0 |   0.0 |       1 |       0 |   0.0
            +---------+---------+-------+---------+---------+-------

Illustrated notes

Table legend:
 A = Kills in this place as a percentage of kills in entire the game.
 B = Kills by you in this place as a percentage of kills by you in the entire game.
 C = Kills by friends in this place as a percentage of kills by friends in the entire game.
 D = Other kills in this place as a percentage of other kills in the entire game.
 E = Experience gained in this place as a percentage of experience gained in the entire game.
 F = Experience gained in this place divided by the number of levels of this place that you have seen.
                   A       B       C       D       E      F
               +-------+-------+-------+-------+-------+----------------------
         Total | 100.0 | 100.0 |   N/A | 100.0 | 100.0 | 323.6
       Dungeon |  99.2 |  99.2 |   N/A | 100.0 |  72.7 | 268.9
         Abyss |   0.8 |   0.8 |   N/A |   0.0 |  27.3 | 707.0
               +-------+-------+-------+-------+-------+----------------------

Table legend: (Time is in decaauts)
 A = Elapsed time spent in this place.
 B = Non-inter-level travel time spent in this place.
 C = Inter-level travel time spent in this place.
 D = Time resting spent in this place.
 E = Time spent auto-exploring this place.
 F = Levels seen in this place.
 G = Mean time per level.
                   A        B        C        D        E       F      G
               +--------+--------+--------+--------+--------+-----+--------+
         Total |   7783 |   7473 |    310 |    827 |   5481 |   8 |  972.9 |
       Dungeon |   7572 |   7262 |    310 |    827 |   5410 |   7 | 1081.7 |
         Abyss |    210 |    210 |      0 |      0 |     71 |   1 |  210.0 |
               +--------+--------+--------+--------+--------+-----+--------+

Top non-repeatable levels by time:
     D:6: 1850 daAuts
     D:4: 1524 daAuts
     D:5: 1302 daAuts
     D:3: 1070 daAuts
     D:1: 877 daAuts
     D:2: 772 daAuts
 Abyss:1: 210 daAuts
     D:7: 175 daAuts
